 Dungeon Crawl Stone Soup version 0.28-a0-592-g6fc52098c6 (webtiles) character file.

Game seed: 4027185248925367238

18 Johnny the Chiller (level 2, 0/23 HPs)
             Began as a Draconian Ice Elementalist on Oct 4, 2021.
             Slain by Terence (9 damage)
             ... on level 2 of the Dungeon.
             The game lasted 00:00:46 (987 turns).

Johnny the Chiller (Draconian Ice Elementalist)      Turns: 987, Time: 00:00:47

Health: 0/23       AC:  5    Str: 10    XL:     2   Next: 51%
Magic:  3/5        EV: 12    Int: 15    God:
Gold:   43         SH:  0    Dex: 11    Spells: 4/5 levels left

rFire   . . .      SeeInvis .   a - +0 mace (vorpal)
rCold   . . .      Faith    .   (no shield)
rNeg    . . .      Spirit   .   (armour unavailable)
rPois   .          Reflect  .   (helmet restricted)
rElec   .          Harm     .   (no cloak)
rCorr   .          Rampage  .   b - +0 pair of gloves
Will    .....                   (no boots)
Stlth   ++........              (no amulet)
HPRegen 0.07/turn               (no ring)
MPRegen 0.09/turn               (no ring)

@: no status effects
A: AC +4, unfitting armour, cold-blooded
a: no special abilities


You were on level 2 of the Dungeon.
You visited 1 branch of the dungeon, and saw 2 of its levels.

You collected 43 gold pieces.

Inventory:

Hand Weapons
 a - a +0 vorpal mace (weapon)
Armour
 b - a +0 pair of gloves (worn)
Jewellery
 e - a ring of fire
Scrolls
 c - a scroll of vulnerability {unknown}
 d - a scroll of blinking {unknown}
 f - a scroll of enchant armour {unknown}
 g - a scroll of amnesia {unknown}


   Skills:
 + Level 1.3 Fighting
 - Level 1.7 Dodging
 - Level 1.7 Stealth
 + Level 2.3 Spellcasting
 + Level 4.2 Ice Magic


You had 4 spell levels left.
You knew the following spells:

 Your Spells              Type           Power      Damage    Failure   Level
a - Freeze                Ice            56%        1d7       3%          1

Your spell library contained the following spells:

 Spells                   Type           Power      Damage    Failure   Level
 Frozen Ramparts          Ice            28%        1d4       12%         3
 Ozocubu's Armour         Ice            14%        N/A       12%         3
 Dazzling Flash           Conj/Hex       2%         N/A       54%         3
 Hailstorm                Conj/Ice       8%         3d4       65%         4
 Iskenderun's Mystic Bla  Conj/Tloc      1%         2d3       91%         4
 Starburst                Conj/Fire      0%         6d3       100%        6


Dungeon Overview and Level Annotations

Branches:
Dungeon (2/15)

Altars:

Shops:
D:1 (

Annotations:
D:2 Terence


Innate Abilities, Weirdness & Mutations

Your plain brown scales are hard. (AC +4)
You cannot fit into any form of body armour.
You are cold-blooded and may be slowed by cold attacks.


Message History

You enter the shallow water.
Moving in this stuff is going to be slow.
Done exploring.
Done exploring.
Done exploring.
No target in view!
There is a stone staircase leading down here.
You climb downwards.
There is a stone staircase leading up here.
A ball python is nearby!
A ball python is nearby!
The helpless ball python fails to defend itself.
You sock the ball python!
You kill the ball python!
Found an escape hatch in the ceiling.
Found a stone staircase leading down.
Terence the Incautious comes into view.
He is wielding a +0 mace.
Terence is nearby!
Casting: Freeze (safe; 3% risk of failure)
Confirm with . or Enter, or press ? or * to list all spells.
Okay, then.
Terence shouts!
Terence hits you with a +0 mace.
Casting: Freeze (safe; 3% risk of failure)
Confirm with . or Enter, or press ? or * to list all spells.
Aiming: Freeze (safe; 3% risk of failure)
Press: ? - help, Shift-Dir - straight line, f - Terence
Aim: Terence, wielding a +0 mace and wearing a +0 chain mail You freeze Terence.
Terence is lightly wounded.
Terence hits you with a +0 mace!
Casting: Freeze (safe; 3% risk of failure)
Confirm with . or Enter, or press ? or * to list all spells.
Aiming: Freeze (safe; 3% risk of failure)
Press: ? - help, Shift-Dir - straight line, f/p - Terence
Aim: Terence, wielding a +0 mace and wearing a +0 chain mail (lightly wounded)
You freeze Terence.
Terence is heavily wounded.
Terence says, "How do you enjoy it?" Terence hits you with a +0 mace!
You die...

#†#.#.#
##.##<#
#.##.##.#
#.......#
#######.# #.#
#.# ##.##
#.@.#
#.@.>......
.........##..
#.#.#........
#.##...#.....
. ##.####...
. #.# ... #.#
..


You could see Terence.

Vanquished Creatures
  2 bats (D:1)
  A goblin (D:1)
  3 hobgoblins (D:1)
  3 jackals (D:1)
  A kobold (D:1)
  2 quokkas (D:1)
  3 ball pythons
  A frilled lizard (D:1)
16 creatures vanquished.

Notes
Turn   | Place    | Note
-------+----------+-------------------------------------------
     0 | D:1      | Johnny the Draconian Ice Elementalist began the quest for
                  | the Orb.
     0 | D:1      | Reached XP level 1. HP: 14/14 MP: 3/3
   447 | D:1      | Reached XP level 2. HP: 14/22 MP: 5/5
   631 | D:1      | Found Kuext's Weapon Boutique.
   635 | D:1      | Reached skill level 1 in Fighting
   980 | D:2      | Noticed Terence
   987 | D:2      | Slain by Terence

Illustrated notes

Levels and vault maps discovered:
D:1:      scummos_arrival_star, layout_loops_cross, serial_shops, shop_statue,
          serial_bayou_crossing
D:2:      layout_loops_cross, minmay_misc_feat_plants, uniq_sigmund,
          uniq_terence

Skill      XL: |  1  2 |
---------------+-------+-----
Fighting       | 1 |  1.3
Dodging        | |  1.7
Stealth        | |  1.7
Spellcasting   | |  2.3
Ice Magic      | |  4.2

Action                   || total
-------------------------++-------
Melee: Mace              ||    45
       Tailslap          ||     1
 Cast: Freeze            ||     7
 Stab: Sleeping          ||     3
Armor: Skin              ||    20
Dodge: Dodged            ||    44

Table legend: (Time is in decaauts)
 A = Elapsed time spent in this place.
 B = Non-inter-level travel time spent in this place.
 C = Inter-level travel time spent in this place.
 D = Time resting spent in this place.
 E = Time spent auto-exploring this place.
 F = Levels seen in this place.
 G = Mean time per level.
                   A        B        C        D        E       F      G
               +--------+--------+--------+--------+--------+-----+--------+
         Total |   1012 |   1003 |      9 |      0 |    838 |   2 |  506.0 |
       Dungeon |   1012 |   1003 |      9 |      0 |    838 |   2 |  506.0 |
               +--------+--------+--------+--------+--------+-----+--------+

Top non-repeatable levels by time:
     D:1: 996 daAuts
     D:2: 15 daAuts
